 Dungeon Crawl Stone Soup version 0.32-a0-612-g1c984fe9d1 (webtiles) character file.

Game seed: 15751064294769041321

2717 Ruich the Thaumaturge (level 9, -2/68 HPs)
             Began as a Djinni Alchemist on Mar 5, 2024.
             Was a Priest of Beogh.
             Killed by divine providence
             ... invoked by Wargrak the orc apostle
              (12 damage)
             ... on level 8 of the Dungeon.
             The game lasted 00:20:30 (7972 turns).

Ruich the Thaumaturge (Djinni Alchemist)            Turns: 7972, Time: 00:20:31

Health: -2/68      AC:  6    Str:  7    XL:     9   Next: 98%
Gold:   372        EV: 19    Int: 21    God:    Beogh [***...] SH:  0 Dex: 14

rFire   + + .        r - +4 trident (drain)
rCold   x . .        (no shield)
rNeg    . . .        s - +2 robe {Will+}
rPois   ∞            m - +0 helmet
rElec   .            n - +0 cloak
rCorr   .            (no gloves)
SInv    .            (boots unavailable)
Will    ++...        t - amulet of reflection
Stlth   +            k - +5 ring of evasion
HPRegen 0.31/turn    u - ring of willpower
MPRegen 0.00/turn

%: reflection, infuse magic (-3 HP)
@: confused, ambrosia-drunk, radiating poison, flying
A: sickness immunity, fire resistance 2, cold vulnerability 1, float, innate
caster, HP casting, extra vitality 1
a: Renounce Religion, Smiting


You were on level 8 of the Dungeon.
You worshipped Beogh.
Beogh was most pleased with you.
You visited 1 branch of the dungeon, and saw 8 of its levels.

You collected 372 gold pieces.


Innate Abilities, Weirdness & Mutations

Your facial features look somewhat orcish.
You are immune to sickness and miasma.
You are immune to poison.
Your flesh is very heat resistant. (rF++)
You are vulnerable to cold. (rC-)
You float through the air rather than walking.
You learn spells naturally, not from books.
Your magical power is your life essence.
You have superior vitality. (+4 MHP)


   Skills:
 + Level 7.2 Fighting
 + Level 5.9 Dodging
 - Level 1.5 Stealth
 + Level 8.0 Spellcasting
 + Level 8.0 Conjurations
 + Level 8.0 Hexes
   Level 0.0 Charms
 + Level 8.0 Summonings
 + Level 8.0 Necromancy
 + Level 8.0 Translocations
   Level 0.0 Transmutations
 + Level 8.0 Fire Magic
 + Level 8.0 Ice Magic
 + Level 8.0 Air Magic
 + Level 8.0 Earth Magic
 + Level 8.0 Alchemy


You knew the following spells:

 Your Spells              Type           Power      Damage    Failure   Level
d - Dazzling Flash        Conj/Hex       84%        N/A       1%          3
e - Ensorcelled Hibernat  Hex/Ice        84%        N/A       1%          2
m - Mephitic Cloud        Conj/Alch/Air  42%        N/A       1%          3
o - Olgreb's Toxic Radia  Alch           42%        N/A       3%          4
r - Searing Ray           Conj           84%        2d7       1%          2
s - Slow                  Hex            100%       N/A       1%          1
v - Mercury Vapours       Alch/Air       84%        N/A       1%          2
y - Sticky Flame          Fire/Alch      42%        2d8       3%          4
z - Sting                 Conj/Alch      100%       1d9       1%          1
Your spell library was empty.

Inventory:

Hand Weapons
 o - a +1 dagger of venom
 q - a +1 short sword of venom
 r - a +4 trident of draining (weapon)
Missiles
 f - 2 throwing nets {=f}
Armour
 m - a +0 helmet (worn)
 n - a +0 cloak (worn)
 s - a +2 robe of willpower (worn)
Magical Staves
 v - a staff of conjuration {!a}
Jewellery
 k - a +5 ring of evasion (left hand)
 t - an amulet of reflection (around neck)
 u - a ring of willpower (right hand)
 A - a ring of resist corrosion
 B - a ring of protection from cold
Wands
 a - a wand of mindburst (13)
 j - a wand of polymorph (7)
Scrolls
 c - a scroll of identify {@r1}
 e - a scroll of teleportation {@r2}
 g - 4 scrolls of poison
 l - 2 scrolls of noise
 C - 2 scrolls of immolation
Potions
 b - 3 potions of attraction
 h - 4 potions of curing {@q1}
 i - 4 potions of brilliance
 p - 3 potions of haste {@q3}
 w - a potion of berserk rage {!q}
 z - a potion of might

Dungeon Overview and Level Annotations

Branches:
Dungeon (8/15)             Temple (0/1) D:7
   Lair: D:8-11

Altars:
Ashenzari
Cheibriados
Wu Jian
Yredelemnul
Zin

Shops:
D:5 [   D:7 (

Portals:
Bailey: D:8

Annotations:
D:8 1 runed translucent door

# ..... .$...~~
....~####### .
...≈#>.).∩# #..
#(≈#.))..# .? ....
##.~##'')##~..
.....#..~o@~~≈≈≈~.#
........~~)~~~~~~.#
##+####............. #
##.#.........###
#............# .
#..>.#.......# .
#.#...........# ##.
#.#............
.#..#####..............


You could see Wargrak the orc apostle (very poisoned, divinely empowered).


Message History

Press: ? - help, Shift-Dir - straight line, f - Wargrak
Aim: Wargrak the orc apostle, wielding a +0 trident of protection and wearing a +3 leather armour (water, empowered by the touch of Beogh)
* * * LOW HITPOINT WARNING * * *
The flames covering Wargrak go out.
Wargrak stops burning.
You block Wargrak's attack.
Unknown command.
Unknown command.
Unknown command.
Casting: Sticky Flame (dangerous; 3% risk of failure)
Confirm with . or Enter, or press ? or * to list all spells.
Aiming: Sticky Flame (dangerous; 3% risk of failure)
Press: ? - help, Shift-Dir - straight line, f/p - Wargrak
Aim: Wargrak the orc apostle, wielding a +0 trident of protection and wearing a +3 leather armour (steam, water, empowered by the touch of Beogh)
Okay, then.
Unknown command.
Unknown command.
Unknown command.
Casting: Sticky Flame (dangerous; 3% risk of failure)
Confirm with . or Enter, or press ? or * to list all spells.
You begin to radiate toxic energy.
Wargrak is poisoned.
* * * LOW HITPOINT WARNING * * *
Wargrak looks even sicker.
Wargrak misses you.
Unknown command.
You are confused.
You feel invigorated.
Wargrak is engulfed in a cloud of scalding steam.
Wargrak calls down the wrath of Beogh upon you.
Beogh smites you!
You die...
Beogh appreciates Wargrak's killing of a heretic priest.

Skill      XL: |  1  2  3  4  5  6  7  8  9 |
---------------+----------------------------+-----
Fighting       | 1 2 3 4 5 7 |  7.2
Spellcasting   | 4 5 6 7 8 |  8.0
Conjurations   | 4 5 6 7 8 |  8.0
Hexes          | 4 5 6 7 8 |  8.0
Summonings     | 4 5 6 7 8 |  8.0
Necromancy     | 4 5 6 7 8 |  8.0
Translocations | 4 5 6 7 8 |  8.0
Fire Magic     | 4 5 6 7 8 |  8.0
Ice Magic      | 4 5 6 7 8 |  8.0
Air Magic      | 4 5 6 7 8 |  8.0
Earth Magic    | 4 5 6 7 8 |  8.0
Alchemy        | 4 5 6 7 8 |  8.0
Dodging        | 3 5 |  5.9
Stealth        | |  1.5

Action                     |  1- 3 |  4- 6 |  7- 9 || total
---------------------------+-------+-------+-------++-------
  Melee: Unarmed           |     1 |       |       ||     1
         Dagger            |       |     1 |     5 ||     6
         Short sword       |       |       |     2 ||     2
         Trident           |       |       |    30 ||    30
   Cast: Sting             |    71 |    69 |   102 ||   242
         Mephitic Cloud    |       |     2 |     3 ||     5
         Ensorcelled Hiber |       |     1 |     2 ||     3
         Mercury Vapours   |       |     5 |     4 ||     9
         Sticky Flame      |       |     2 |     9 ||    11
         Olgreb's Toxic Ra |       |       |    59 ||    59
         Searing Ray       |       |       |     1 ||     1
 Invoke: Convert to Beogh  |       |     1 |       ||     1
    Use: Scroll            |       |       |    16 ||    16
         Potion            |       |       |     1 ||     1
   Stab: Sleeping          |       |     1 |     1 ||     2
         Confused          |       |       |     1 ||     1
 Armour: Robe              |     8 |    13 |    53 ||    74
  Dodge: Dodged            |    21 |    17 |    95 ||   133
  Block: Other             |       |       |    16 ||    16
         Reflection        |       |       |     4 ||     4

Levels and vault maps discovered:
D:1:      ebering_trefoil_twist, layout_rooms
D:2:      minmay_skewed_foursquare, layout_rooms, hangedman_decor_diamond_cutter
D:3:      layout_basic, pdpol_wu_jian_five_deadly_venoms, minmay_diced_spiral,
          uniq_jessica, uniq_sigmund
D:4:      layout_basic, lemuel_tele_altar, minmay_between
D:5:      layout_loops_corners, lemuel_doored_altar, nicolae_stop_n_shop_1,
          lemuel_flame_loot_1
D:6:      layout_loops_ring, lemuel_round_altar, gammafunk_temple_overflow_wave,
          corner_web_ring, minmay_misc_feat_pillars
D:7:      layout_rooms, mainiacjoe_overflow_alcove_2, minmay_temple_entry_waves,
          nicolae_ossuary_entry_monument, serial_shops,
          nicolae_shop_hallway_plus, uniq_jeremiah, uniq_prince_ribbit1
D:8:      layout_cave_pools, hellmonk_lair_entry_icy, enter_bailey_4,
          serial_shops, nicolae_inconvenience_store,
          ebering_ghost_reflecting_pool

Notes
Turn   | Place    | Note
-------+----------+-------------------------------------------
     0 | D:1      | Ruich the Djinni Alchemist began the quest for the Orb.
     0 | D:1      | Ruich set off with the following spells memorised: Sting,
                  | Mercury Vapours, Mephitic Cloud, Olgreb's Toxic Radiance,
                  | Sticky Flame.
     0 | D:1      | Reached XP level 1. HP: 15/15 MP: 0/0
   100 | D:1      | Reached XP level 2. HP: 20/22 MP: 0/0
   474 | D:1      | Reached skill level 1 in Fighting
   599 | D:1      | Reached XP level 3. HP: 21/27 MP: 0/0
   599 | D:1      | Learned a level 1 spell: Slow
  1219 | D:2      | Reached XP level 4. HP: 27/33 MP: 0/0
  1515 | D:2      | Reached skill level 4 in Spellcasting
  1515 | D:2      | Reached skill level 4 in Conjurations
  1515 | D:2      | Reached skill level 4 in Hexes
  1515 | D:2      | Reached skill level 4 in Summonings
  1515 | D:2      | Reached skill level 4 in Necromancy
  1515 | D:2      | Reached skill level 4 in Translocations
  1515 | D:2      | Reached skill level 4 in Fire Magic
  1515 | D:2      | Reached skill level 4 in Ice Magic
  1515 | D:2      | Reached skill level 4 in Air Magic
  1515 | D:2      | Reached skill level 4 in Earth Magic
  1515 | D:2      | Reached skill level 4 in Alchemy
  1749 | D:3      | Became a worshipper of Beogh the Shepherd
  1807 | D:3      | Found an ornate altar of the Wu Jian Council.
  1865 | D:3      | Noticed Jessica
  1865 | D:3      | Noticed a centaur
  1880 | D:3      | Killed a centaur
  1881 | D:3      | Reached skill level 2 in Fighting
  1881 | D:3      | Reached XP level 5. HP: 30/39 MP: 0/0
  1881 | D:3      | Learned a level 2 spell: Ensorcelled Hibernation
  1884 | D:3      | Killed Jessica
  2238 | D:3      | Reached XP level 6. HP: 38/45 MP: 0/0
  2641 | D:3      | Noticed Sigmund
  2655 | D:3      | Killed Sigmund
  2656 | D:3      | Reached skill level 3 in Fighting
  2656 | D:3      | Reached skill level 5 in Spellcasting
  2656 | D:3      | Reached skill level 5 in Conjurations
  2656 | D:3      | Reached skill level 5 in Hexes
  2656 | D:3      | Reached skill level 5 in Summonings
  2656 | D:3      | Reached skill level 5 in Necromancy
  2656 | D:3      | Reached skill level 5 in Translocations
  2656 | D:3      | Reached skill level 5 in Fire Magic
  2656 | D:3      | Reached skill level 5 in Ice Magic
  2656 | D:3      | Reached skill level 5 in Air Magic
  2656 | D:3      | Reached skill level 5 in Earth Magic
  2656 | D:3      | Reached skill level 5 in Alchemy
  2915 | D:4      | Reached XP level 7. HP: 44/50 MP: 0/0
  2915 | D:4      | Learned a level 2 spell: Searing Ray
  3067 | D:4      | Found a basalt altar of Yredelemnul.
  3122 | D:4      | Reached * piety under Beogh
  3341 | D:4      | Reached skill level 4 in Fighting
  3635 | D:4      | You are sucked into a shaft and drop 3 floors!
  3653 | D:7      | Noticed Jeremiah
  3668 | D:7      | Killed Jeremiah
  3669 | D:7      | Reached skill level 6 in Spellcasting
  3669 | D:7      | Reached skill level 6 in Conjurations
  3669 | D:7      | Reached skill level 6 in Hexes
  3669 | D:7      | Reached skill level 6 in Summonings
  3669 | D:7      | Reached skill level 6 in Necromancy
  3669 | D:7      | Reached skill level 6 in Translocations
  3669 | D:7      | Reached skill level 6 in Fire Magic
  3669 | D:7      | Reached skill level 6 in Ice Magic
  3669 | D:7      | Reached skill level 6 in Air Magic
  3669 | D:7      | Reached skill level 6 in Earth Magic
  3669 | D:7      | Reached skill level 6 in Alchemy
  3669 | D:7      | Reached XP level 8. HP: 25/58 MP: 0/0
  3873 | D:7      | Found a staircase to the Ecumenical Temple.
  3891 | D:7      | Reached skill level 5 in Fighting
  3944 | D:5      | Entered Level 5 of the Dungeon
  3944 | D:5      | Found Xestri's Antique Armour Emporium.
  4757 | D:5      | Reached skill level 7 in Spellcasting
  4757 | D:5      | Reached skill level 7 in Conjurations
  4757 | D:5      | Reached skill level 7 in Hexes
  4757 | D:5      | Reached skill level 7 in Summonings
  4757 | D:5      | Reached skill level 7 in Necromancy
  4757 | D:5      | Reached skill level 7 in Translocations
  4757 | D:5      | Reached skill level 7 in Fire Magic
  4757 | D:5      | Reached skill level 7 in Ice Magic
  4757 | D:5      | Reached skill level 7 in Air Magic
  4757 | D:5      | Reached skill level 7 in Earth Magic
  4757 | D:5      | Reached skill level 7 in Alchemy
  5102 | D:5      | Reached skill level 3 in Dodging
  5170 | D:5      | Reached ** piety under Beogh
  5635 | D:5      | Reached XP level 9. HP: 62/65 MP: 0/0
  5635 | D:5      | Learned a level 3 spell: Dazzling Flash
  6276 | D:6      | Found a snail-covered altar of Cheibriados.
  6420 | D:6      | Reached skill level 6 in Fighting
  6420 | D:6      | Reached skill level 4 in Dodging
  6458 | D:6      | Found a glowing silver altar of Zin.
  7420 | D:7      | Noticed Prince Ribbit
  7425 | D:7      | Killed Prince Ribbit
  7426 | D:7      | Reached skill level 5 in Dodging
  7484 | D:7      | Found a broken altar of Ashenzari.
  7538 | D:7      | Found Weleho Lyna's Weapon Shop.
  7659 | D:7      | Reached skill level 7 in Fighting
  7937 | D:8      | Found a runed translucent door.
  7943 | D:8      | Found a flagged portal.
  7945 | D:8      | Reached *** piety under Beogh
  7952 | D:8      | Reached skill level 8 in Spellcasting
  7952 | D:8      | Reached skill level 8 in Conjurations
  7952 | D:8      | Reached skill level 8 in Hexes
  7952 | D:8      | Reached skill level 8 in Summonings
  7952 | D:8      | Reached skill level 8 in Necromancy
  7952 | D:8      | Reached skill level 8 in Translocations
  7952 | D:8      | Reached skill level 8 in Fire Magic
  7952 | D:8      | Reached skill level 8 in Ice Magic
  7952 | D:8      | Reached skill level 8 in Air Magic
  7952 | D:8      | Reached skill level 8 in Earth Magic
  7952 | D:8      | Reached skill level 8 in Alchemy
  7966 | D:8      | Noticed Wargrak
  7972 | D:8      | Killed from afar by Wargrak the orc apostle

Vanquished Creatures
  Jeremiah (D:7)
  Prince Ribbit (D:7)
  Sigmund (D:3)
  2 steam dragons
  2 water moccasins (D:6)
  An ice beast (D:5)
  An orc warrior (D:4)
  A black bear (D:6)
  An ogre (D:6)
  2 centaurs
  2 kobold brigands (D:7)
  3 scorpions
  2 bombardier beetles
  A jelly (D:4)
  3 hounds
  2 gnoll boudas (D:5)
  Jessica (D:3)
  2 iguanas
  4 orc wizards
  21 gnolls
  8 adders
  A shadow imp (D:5)
  A ribbon worm (D:4)
  4 dart slugs
  15 orcs
  8 endoplasms
  7 giant cockroaches
  6 goblins
  7 hobgoblins
  15 kobolds
  5 quokkas
  9 ball pythons
  5 bats
  5 frilled lizards
  5 rats
155 creatures vanquished.

Vanquished Creatures (others)
  An orc priest (D:6)
  2 orcs (D:6)
  An endoplasm (D:4)
4 creatures vanquished.

Grand Total: 159 creatures vanquished

Table legend: (Time is in decaauts)
 A = Elapsed time spent in this place.
 B = Non-inter-level travel time spent in this place.
 C = Inter-level travel time spent in this place.
 D = Time resting spent in this place.
 E = Time spent auto-exploring this place.
 F = Levels seen in this place.
 G = Mean time per level.
                   A        B        C        D        E       F      G
               +--------+--------+--------+--------+--------+-----+--------+
         Total |   7978 |   7752 |    226 |   2564 |   3964 |   8 |  997.2 |
       Dungeon |   7978 |   7752 |    226 |   2564 |   3964 |   8 |  997.2 |
               +--------+--------+--------+--------+--------+-----+--------+

Top non-repeatable levels by time:
     D:5: 1535 daAuts
     D:4: 1517 daAuts
     D:3: 1164 daAuts
     D:6: 1046 daAuts
     D:2: 908 daAuts
     D:7: 869 daAuts
     D:1: 799 daAuts
     D:8: 137 daAuts

Table legend:
 A = Non-vault XP
 B = Vault XP
 C = Vault XP percentage of total XP
 D = Non-vault monster count
 E = Vault monster count
 F = Vault count percentage of total count
                 A         B        C        D         E       F
            +---------+---------+-------+---------+---------+-------
      Total |    2877 |    1005 |  25.9 |     131 |      23 |  14.9
            +---------+---------+-------+---------+---------+-------
        D:1 |      34 |       0 |   0.0 |      21 |       0 |   0.0
        D:2 |      49 |      18 |  26.9 |      14 |       4 |  22.2
        D:3 |     131 |     275 |  67.7 |      11 |       8 |  42.1
        D:4 |     416 |      42 |   9.2 |      29 |       5 |  14.7
        D:5 |     556 |       0 |   0.0 |      21 |       0 |   0.0
        D:6 |     735 |       0 |   0.0 |      15 |       0 |   0.0
        D:7 |     667 |     662 |  49.8 |      18 |       2 |  10.0
        D:8 |     289 |       8 |   2.7 |       2 |       4 |  66.7
            +---------+---------+-------+---------+---------+-------
